 Dungeon Crawl Stone Soup version 0.20.1-1-g8b1a95d66d (webtiles) character file.

194 Gargoyl the Skirmisher (level 5, -3/69 HPs)
             Began as a Centaur Abyssal Knight on Dec 26, 2017.
             Was a Believer of Lugonu.
             Slain by Menkaure (11 damage)
             ... on level 4 of the Dungeon.
             The game lasted 00:05:48 (3625 turns).

Gargoyl the Skirmisher (Centaur Abyssal Knight)     Turns: 3625, Time: 00:05:49

Health: -3/69      AC: 22    Str: 12 (15) XL:     5   Next: 44%
Magic:  16/16      EV:  1    Int: 10 (11) God:    Lugonu [**....]
Gold:   146        SH:  4    Dex:  6 (9)  Spells: 4/4 levels left

rFire    . . .     SeeInvis +   a - +1 hand axe
rCold    . . .     Gourm    .   m - +0 buckler
rNeg     + + +     Faith    .   (armour currently unavailable)
rPois    +         Spirit   .   (helmet currently unavailable)
rElec    .         Reflect  +   (cloak currently unavailable)
rCorr    .         Harm     .   (gloves currently unavailable)
MR       .....     NoTele   +   (no barding)
Stlth    +.........             d - +2 amulet of reflection
Regen    0.3/turn               f - ring of magical power
MPRegen  0.2/turn               (no ring)

@: tree-form
A: see invisible, mutation resistance 1
a: Depart the Abyss, Bend Space, Renounce Religion


You were on level 4 of the Dungeon.
You worshipped Lugonu.
Lugonu was pleased with you.
You were hungry.
You were a tree.
You visited 1 branch of the dungeon, and saw 4 of its levels.
You visited the Abyss 1 time.

You collected 146 gold pieces.

Inventory:

Hand Weapons
 a - a +1 hand axe (weapon)
Armour
 i - +0 steam dragon scales (melded)
 l - a +1 centaur barding (melded)
 m - a +0 buckler (worn)
 n - a +2 cloak (melded)
Jewellery
 d - a +2 amulet of reflection (around neck)
 f - a ring of magical power (left branch)
Wands
 g - a wand of flame (11/48)
Scrolls
 e - 2 scrolls of identify
Comestibles
 c - a bread ration
 h - a meat ration
 o - 2 chunks of flesh


   Skills:
 + Level 3.7 Fighting
 + Level 3.2 Axes
 * Level 2.0 Armour
 + Level 1.4 Dodging
 + Level 0.1 Shields
 * Level 3.3 Invocations


You had 4 spell levels left.
You didn't know any spells.

Dungeon Overview and Level Annotations

Branches:
Dungeon (4/15)
 Temple: D:4-7

Altars:
Nemelex Xobeh

Annotations:
D:4 Menkaure


Innate Abilities, Weirdness & Mutations

((You have hooves in place of feet.))
((Armour fits poorly on your strangely shaped body.))
((You cover ground very quickly.))
((You have extremely tough skin. (AC +3)))
You have supernaturally acute eyesight. (SInv)
You are somewhat resistant to further mutation.


Message History

You block Menkaure's attack. The goblin hits you but does no damage.
Robin throws the goblin at you! Menkaure hits you but does no damage.
Unknown command.
You aren't carrying any potions.
Okay, then.
You barely miss Menkaure. You hit the goblin.
You kill the goblin!
Lugonu accepts your kill.
You completely miss Robin. Robin hits you but does no damage.
Menkaure hits you but does no damage.
Unknown command.
You barely miss Menkaure. You hit Robin.
You kill Robin!
Lugonu accepts your kill. Menkaure hits you but does no damage.
Unknown command.
You hit Menkaure.
Menkaure is lightly damaged.
Menkaure hits you but does no damage. Menkaure hits you!
You die...

.#.#..#.# #
.#.##.#.#.#######.#
.#.##...........#.#
.#.###.#####......
##.#.......#.....#
..#.#..##.#.....####
#.#...#.#........#
##.....#.#.....##
........(...>..)♣<#
........[..#(##M#)#
#.....##.#g).##...#
#....) #.#.#.#......
......
#.))#M###.###..
....#......... .. .
...#####..#.#. ...
#....#.#### #....# #


You could see Menkaure.

Vanquished Creatures
  Crazy Yiuf (D:3)
  Natasha (thrice) (D:2)
  Robin (D:4)
  2 adders (D:2)
  An adder skeleton (D:4)
  2 worms
  4 orcs
  A giant cockroach (D:1)
  14 goblins
  6 hobgoblins
  7 jackals
  A ball python (D:2)
  7 bats
  4 kobolds (D:1)
  3 rats
57 creatures vanquished.

Notes
Turn   | Place    | Note
-------+----------+-------------------------------------------
     0 | Abyss:1  | Gargoyl the Centaur Abyssal Knight began the quest for the Orb.
     0 | Abyss:1  | Reached XP level 1. HP: 19/19 MP: 2/2
     8 | Abyss:1  | Found a corrupted altar of Lugonu.
    88 | Abyss:1  | Found a corrupted altar of Lugonu.
    91 | Abyss:1  | Noticed an orange demon
   101 | Abyss:1  | Noticed a worldbinder
   103 | D:1      | Escaped the Abyss
   317 | D:1      | Reached XP level 2. HP: 14/26 MP: 3/3
   670 | D:1      | Found a sparkling altar of Nemelex Xobeh.
   708 | D:1      | Reached * piety under Lugonu
  1356 | D:2      | Reached XP level 3. HP: 27/31 MP: 4/4
  1406 | D:2      | Noticed Natasha
  1414 | D:2      | Killed Natasha
  1629 | D:2      | Noticed Natasha
  1637 | D:2      | Killed Natasha
  1637 | D:2      | Reached XP level 4. HP: 21/38 MP: 6/6
  1644 | D:2      | Noticed Natasha
  1653 | D:2      | Killed Natasha
  1653 | D:2      | Reached skill level 1 in Dodging
  3257 | D:3      | Found a runed door.
  3322 | D:3      | Reached XP level 5. HP: 45/45 MP: 7/7
  3399 | D:3      | Noticed Crazy Yiuf
  3409 | D:3      | Killed Crazy Yiuf
  3594 | D:4      | Noticed Robin
  3600 | D:4      | Noticed Menkaure
  3604 | D:4      | Reached ** piety under Lugonu
  3618 | D:4      | Gained mutation: You have supernaturally acute eyesight. (SInv) [potion of mutation]
  3618 | D:4      | Gained mutation: You are somewhat resistant to further mutation. [potion of mutation]
  3624 | D:4      | Killed Robin
  3625 | D:4      | Slain by Menkaure

Skill      XL: |  1  2  3  4 |
---------------+-------------+-----
Axes           | 2 3 |  3.2
Armour         | 2 |  2.0
Dodging        | 1 |  1.4
Invocations    | 3 |  3.3
Fighting       | |  3.7
Shields        | |  0.1

Action                   |  1- 3 |  4- 6 || total
-------------------------+-------+-------++-------
Melee: Hand axe          |    86 |    75 ||   161
       Kick              |    12 |    15 ||    27
Invok: Depart the Abyss  |     1 |       ||     1
  Use: Potion            |     1 |     5 ||     6
       Scroll            |     1 |     6 ||     7
  Eat: Chunk             |     2 |     4 ||     6
Armor: Leather armour    |    28 |       ||    28
       Steam dragon scal |    15 |    42 ||    57
       Skin              |       |    16 ||    16
Dodge: Dodged            |    39 |    26 ||    65
Block: Other             |     7 |     2 ||     9
       Buckler           |       |    21 ||    21
